 Dungeon Crawl Stone Soup version 0.28.0-47-ge53b351184 (webtiles) character file.

Game seed: 18423923512796471090

640890 Peloso the Minotaur Barricade (level 27, -1/273 HPs)
             Began as a Minotaur Fighter on May 1, 2022.
             Was the Champion of Okawaru.
             Slain by a demonspawn blood saint
             ... wielding a +0 dagger
             ... summoned by a shadow demon
              (11 damage)
             ... on level 13 of a ziggurat on May 2, 2022.
             The game lasted 04:18:26 (88709 turns).

Peloso the Minotaur Barricade (Minotaur Fighter)   Turns: 88709, Time: 04:18:26

Health: -1/273     AC: 44    Str: 42    XL:     27
Magic:  0/35       EV: 17    Int:  5    God:    Okawaru [******]
Gold:   7831       SH: 19    Dex: 11    Spells: 26/26 levels left

rFire   + + +      SeeInvis +   a - +9 double sword (flame)
rCold   + + +      Faith    .   q - +2 shield of Resistance {rF++ rC++ Will++}
rNeg    + + +      Spirit   +   U - +7 plate armour of Supple Strength {MP+9 Str+4}
rPois   +          Reflect  .   i - +3 crown of Dyrovepreva {rElec Int+2 SInv}
rElec   +          Harm     .   p - +0 cloak "Yrugav" {rElec rF+ Regen+}
rCorr   +          Rampage  .   m - +2 pair of gloves "Lami" {rPois Str+4}
Will    +++++      Rnd*Tele +   h - +2 pair of boots {Fly}
Stlth   ..........              W - amulet of guardian spirit
HPRegen 1.35/turn               x - ring "Buhyus" {rC+ rCorr Str+3}
MPRegen 0.24/turn               O - ring of Galim {rF++ rC+ rN+++ Will+ Dex-3}

@: silenced, heroic, weakened, flying, hasted, studying 2 skills, very quick
A: horns 2, retaliatory headbutt, iridescent scales 1, see invisible, dopey 1,
fire resistance 1, low MP 1, poison resistance, teleportitis 1
}: 4/15 runes: decaying, serpentine, slimy, silver
a: Renounce Religion


You were on level 13 of a ziggurat.
You worshipped Okawaru.
Okawaru was exalted by your worship.
You visited 11 branches of the dungeon, and saw 52 of its levels.
You visited 1 ziggurat, and saw 13 of its levels.
You also visited: Trove, Bailey, Ice Cave, Volcano, Wizlab and Desolation.

You collected 9955 gold pieces.
You spent 2124 gold pieces at shops.

Inventory:

Hand Weapons
 a - a +9 double sword of flaming (weapon)
 b - a +9 spectral demon blade
 c - the +8 autumn katana {vorpal, manifold assault}
   (You acquired it on level 2 of the Lair of Beasts)

   It sometimes launches melee attacks against multiple visible enemies.
Armour
 f - +0 pearl dragon scales
 h - a +2 pair of boots of flying (worn)
 i - the +3 crown of Dyrovepreva (worn) {rElec Int+2 SInv}
   (You bought it in a shop on level 2 of the Orcish Mines)

   Int:       It affects your intelligence (+2).
   rElec:     It insulates you from electricity.
   SInv:      It lets you see invisible.
 k - the +1 hat "Umer" {Will+ rCorr Dex+2}
   (Okawaru gifted it to you on level 3 of the Elven Halls)

   Dex:       It affects your dexterity (+2).
   rCorr:     It protects you from acid and corrosion.
   Will:      It increases your willpower.
 m - the +2 pair of gloves "Lami" (worn) {rPois Str+4}
   (You acquired it in a bailey)

   Str:       It affects your strength (+4).
   rPois:     It protects you from poison.
 p - the +0 cloak "Yrugav" (worn) {rElec rF+ Regen+}
   (You found it in a treasure trove)

   rF:        It protects you from fire.
   rElec:     It insulates you from electricity.
   Regen:     It increases your rate of health regeneration.
 q - the +2 shield of Resistance (worn) {rF++ rC++ Will++}
   (You found it on level 9 of the Dungeon)

   rF:        It greatly protects you from fire.
   rC:        It greatly protects you from cold.
   Will:      It greatly increases your willpower.
 F - a +3 kite shield of reflection
 U - the +7 plate armour of Supple Strength (worn) {MP+9 Str+4}
   (You found it on level 4 of the Depths)

   Str:       It affects your strength (+4).
   MP:        It affects your magic capacity (+9).
Jewellery
 r - the ring of Goumnupy {rElec rCorr Dex+4}
   (You found it on level 5 of the Pits of Slime)

   [ring of resist corrosion]

   Dex:       It affects your dexterity (+4).
   rElec:     It insulates you from electricity.
   rCorr:     It protects you from acid and corrosion.
 x - the ring "Buhyus" (left hand) {rC+ rCorr Str+3}
   (You found it in the Desolation of Salt)

   [ring of resist corrosion]

   Str:       It affects your strength (+3).
   rC:        It protects you from cold.
   rCorr:     It protects you from acid and corrosion.
 O - the ring of Galim (right hand) {rF++ rC+ rN+++ Will+ Dex-3}
   (You took it off an ironbound convoker on level 5 of the Vaults)

   [ring of willpower]

   Dex:       It affects your dexterity (-3).
   rF:        It greatly protects you from fire.
   rC:        It protects you from cold.
   rN:        It renders you almost immune to negative energy.
   Will:      It increases your willpower.
 W - an amulet of guardian spirit (around neck)
Wands
 T - a wand of digging (10)
Scrolls
 j - 3 scrolls of enchant weapon
 l - 18 scrolls of teleportation
 t - a scroll of amnesia
 u - 7 scrolls of blinking
 w - a scroll of brand weapon
 y - a scroll of holy word
 B - 7 scrolls of immolation
 C - 8 scrolls of silence
 E - 2 scrolls of magic mapping
 J - 8 scrolls of fear
Potions
 d - 11 potions of might
 e - 5 potions of resistance
 g - 19 potions of curing
 n - 6 potions of mutation
 o - 8 potions of haste
 s - a potion of magic
 v - 3 potions of invisibility
 z - a potion of berserk rage
 D - 7 potions of heal wounds


   Skills:
 O Level 27 Fighting
 + Level 1.5(21.7) Short Blades
 O Level 27 Long Blades
 + Level 1.2(6.9) Axes
 + Level 1.2(6.8) Maces & Flails
 + Level 1.6(7.1) Polearms
 + Level 1.3(7.0) Staves
 + Level 0.9(6.4) Slings
 + Level 1.0(6.0) Bows
 + Level 0.9(5.9) Crossbows
 + Level 1.5(6.6) Throwing
 O Level 27 Armour
 + Level 15.5(20.5) Dodging
 + Level 8.5(13.5) Stealth
 O Level 27 Shields
 + Level 0.9(5.9) Unarmed Combat
 + Level 0.4 Spellcasting
 + Level 0.7 Conjurations
 + Level 0.5 Hexes
 + Level 0.5 Summonings
 + Level 0.5 Necromancy
 + Level 0.4 Translocations
 + Level 0.7 Transmutations
 + Level 0.5 Fire Magic
 + Level 0.5 Ice Magic
 + Level 0.5 Air Magic
 + Level 0.7 Earth Magic
 + Level 0.6 Poison Magic
 + Level 10.2 Invocations
 + Level 2.2 Evocations


You had 26 spell levels left.
You didn't know any spells.
Your spell library contained the following spells:

 Spells                   Type           Power      Damage    Failure   Level
 Beastly Appendage        Tmut           0%         N/A       63%         1
 Freeze                   Ice            0%         1d3       63%         1
 Magic Dart               Conj           0%         1d3       63%         1
 Pain                     Necr           0%         1d4       63%         1
 Sandblast                Erth           0%         2d4       63%         1
 Apportation              Tloc           0%         N/A       65%         1
 Corpse Rot               Necr/Air       0%         N/A       77%         2
 Passwall                 Tmut/Erth      0%         N/A       77%         2
 Poisonous Vapours        Pois/Air       0%         N/A       77%         2
 Static Discharge         Conj/Air       0%         N/A       77%         2
 Sublimation of Blood     Necr           0%         N/A       77%         2
 Wereblood                Tmut           0%         N/A       77%         2
 Ensorcelled Hibernation  Hex/Ice        0%         N/A       78%         2
 Blink                    Tloc           0%         N/A       80%         2
 Dazzling Flash           Conj/Hex       0%         N/A       94%         3
 Frozen Ramparts          Ice            0%         1d2       94%         3
 Ignite Poison            Fire/Tmut/Pois 0%         N/A       94%         3
 Mephitic Cloud           Conj/Pois/Air  0%         N/A       94%         3
 Ozocubu's Armour         Ice            0%         N/A       94%         3
 Spider Form              Tmut/Pois      0%         N/A       94%         3
 Stone Arrow              Conj/Erth      0%         3d7       94%         3
 Vampiric Draining        Necr           0%         2d6       94%         3
 Confusing Touch          Hex            0%         N/A       95%         3
 Gell's Gravitas          Tloc           0%         N/A       95%         3
 Inner Flame              Hex/Fire       0%         N/A       95%         3
 Lesser Beckoning         Tloc           0%         N/A       95%         3
 Portal Projectile        Hex/Tloc       0%         N/A       95%         3
 Teleport Other           Tloc           0%         N/A       95%         3
 Anguish                  Hex/Necr       0%         N/A       100%        4
 Cause Fear               Hex            0%         N/A       100%        4
 Dispel Undead            Necr           0%         3d6       100%        4
 Fulminant Prism          Conj/Hex       0%         3d6       100%        4
 Hailstorm                Conj/Ice       0%         3d3       100%        4
 Iskenderun's Mystic Bla  Conj/Tloc      0%         2d3       100%        4
 Olgreb's Toxic Radiance  Pois           0%         N/A       100%        4
 Petrify                  Tmut/Erth      0%         N/A       100%        4
 Sticky Flame             Conj/Fire      0%         2d3       100%        4
 Alistair's Intoxication  Tmut/Pois      0%         N/A       100%        5
 Blade Hands              Tmut           0%         N/A       100%        5
 Borgnjor's Vile Clutch   Necr/Erth      0%         N/A       100%        5
 Excruciating Wounds      Necr           0%         N/A       100%        5
 Fireball                 Conj/Fire      0%         3d3       100%        5
 Freezing Cloud           Conj/Ice/Air   0%         6-21      100%        5
 Irradiate                Conj/Tmut      0%         3d13      100%        5
 Iskenderun's Battlesphe  Conj           0%         2d6       100%        5
 Lee's Rapid Deconstruct  Erth           0%         3d5*      100%        5
 Manifold Assault         Tloc           0%         N/A       100%        5
 Metabolic Englaciation   Hex/Ice        0%         N/A       100%        5
 Yara's Violent Unravell  Hex/Tmut       0%         3d3       100%        5
 Conjure Ball Lightning   Conj/Air       0%         3x3d6     100%        6
 Dispersal                Tloc           0%         N/A       100%        6
 Eringya's Noxious Bog    Tmut/Pois      0%         N/A       100%        6
 Iron Shot                Conj/Erth      0%         9d1       100%        6
 Starburst                Conj/Fire      0%         6d3       100%        6
 Statue Form              Tmut/Erth      0%         N/A       100%        6
 Dragon Form              Tmut           0%         N/A       100%        7
 Enfeeble                 Hex            0%         N/A       100%        7
 Orb of Destruction       Conj           0%         9d5       100%        7
 Ozocubu's Refrigeration  Ice            0%         4d5       100%        7
 Storm Form               Tmut/Air       0%         N/A       100%        7
 Discord                  Hex            0%         N/A       100%        8
 Disjunction              Tloc           0%         N/A       100%        8
 Ignition                 Fire           0%         3d3       100%        8
 Maxwell's Capacitive Co  Air            0%         ∞         100%        8
 Necromutation            Tmut/Necr      0%         N/A       100%        8
 Chain Lightning          Conj/Air       0%         N/A       100%        9
 Fire Storm               Conj/Fire      0%         5d1       100%        9
 Shatter                  Erth           0%         3d5*      100%        9
 Animate Skeleton         Necr           Unusable   N/A       N/A         1
 Call Imp                 Summ           Unusable   N/A       N/A         2
 Tukima's Dance           Hex            Unusable   N/A       N/A         3
 Animate Armour           Summ/Erth      Unusable   N/A       N/A         4
 Summon Ice Beast         Ice/Summ       Unusable   N/A       N/A         4
 Summon Lightning Spire   Summ/Air       Unusable   N/A       N/A         4
 Death Channel            Necr           Unusable   N/A       N/A         6
 Simulacrum               Ice/Necr       Unusable   N/A       N/A         6
 Summon Hydra             Summ           Unusable   N/A       N/A         7
 Dragon's Call            Summ           Unusable   N/A       N/A         9

Dungeon Overview and Level Annotations

Branches:
Dungeon (15/15)            Temple (1/1) D:4            Lair (6/6) D:11
  Swamp (4/4) Lair:3        Snake (4/4) Lair:3        Slime (5/5) Lair:5
    Orc (2/2) D:10            Elf (3/3) Orc:2        Vaults (5/5) D:14
  Crypt (3/3) Vaults:3       Tomb (0/3) Crypt:3      Depths (4/4) D:15
    Zot (0/5) Depths:4     Bailey (visited)           IceCv (visited)
Volcano (visited)          WizLab (visited)         Desolation (visited)

Altars:
Ashenzari
Cheibriados
Dithmenos
Fedhas
Gozag
Hepliaklqana
Kikubaaqudgha
Makhleb
Nemelex Xobeh
Okawaru
Qazlal
Ru
Sif Muna
Trog
Uskayaw
Vehumet
Wu Jian
Xom
Zin
The Shining One
Jiyva

Shops:
Orc:2 *([:   Snake:3 ?[

Portals:
Hell: Depths:1 Depths:2 Depths:3 Depths:4
Abyss: Depths:1 Depths:2 Depths:3 Depths:4
Pandemonium: Depths:2

Annotations:
Lair:2 Casa


Innate Abilities, Weirdness & Mutations

You have a pair of horns on your head.
You reflexively headbutt those who attack you in melee.
You are partially covered in iridescent scales. (AC +2)
You have supernaturally acute eyesight. (SInv)
You are dopey. (Int -2)
Your flesh is heat resistant. (rF+)
Your magical capacity is low. (-10% MP)
Your system is resistant to poisons. (rPois)
You are occasionally teleported next to monsters.


Message History

Unknown command.
You slice Zeeczoth!! You burn Zeeczoth! You headbutt Zeeczoth.
Zeeczoth is almost dead.
You block the demonspawn black sun's attack.
The large abomination hits you but does no damage.
The Ice Fiend calls on the powers of darkness!
Your body is wracked with pain!
* * * LOW HITPOINT WARNING * * *
You slice Zeeczoth!! You burn Zeeczoth.
You kill Zeeczoth!
Okawaru accepts your kill.
The large abomination disappears in a puff of smoke! x2
The tentacled monstrosity disappears in a puff of smoke! x2
The large abomination disappears in a puff of smoke! x4
You block the sun demon's attack.
You block the demonspawn black sun's attack.
The demonspawn warmonger calls upon its god to speed up the demonspawn warmonger.
The demonspawn warmonger seems to speed up.
You slash the demonspawn blood saint!
The demonspawn blood saint is lightly wounded.
The shadow demon gestures.
The sun demon closely misses you.
The shadow demon gestures.
Unknown command.
You slice the demonspawn black sun!! You burn the demonspawn black sun.
Your headbutt misses the demonspawn black sun.
The demonspawn black sun is moderately wounded.
The balrug is no longer absorbing vital energies.
You block the demonspawn black sun's attack.
The hellwing barely misses you. You furiously retaliate!
You headbutt the hellwing! You block the hellwing's attack.
The Brimstone Fiend calls on the powers of darkness!
Your body is wracked with pain!
* * * LOW HITPOINT WARNING * * *
The balrug gestures at you. Something smites you!
* * * LOW HITPOINT WARNING * * *
You block the sun demon's attack.
The demonspawn blood saint hits you with a +0 dagger!
You die...

▓▓ ▓▓▓▓▓.▓▓▓▓▓
▓....23@31▓▓▓
....§34666..▓▓
▓........2236221▓
▓▓........22312.14.▓
▓▓...........246264..▓
▓.............3.22....
▓.....................
▓.............12..=$!(
▓▓.................}4∩$


You could see 3 demonspawn warmongers, a Tzitzimitl (summoned), 3 Brimstone
Fiends, an Ice Fiend (summoned), 2 cacodemons, a demonspawn blood saint
(summoned), a demonspawn corrupter (summoned), a demonspawn black sun (fast,
black mark), a hell beast (black mark), a balrug (summoned), 2 blizzard demons,
4 sun demons, 5 shadow demons, 2 orange demons, 2 hellwings, a smoke demon
(black mark), 2 hellions and a ynoxinul (summoned).

Vanquished Creatures
  the Royal Jelly (Slime:5)
  Mara (Depths:3)
  Khufu (Crypt:1)
  A juggernaut (Depths:3)
  Sojobo (Vaults:4)
  2 royal mummies (Crypt:1)
  Boris (Depths:4)
  Margery (Vaults:4)
  A Head Instructor (WizLab)
  A Killer Klown (Zig:7)
  Vashnia (Snake:2)
  Bai Suzhen (Elf:3)
  2 caustic shrikes (Zig:5)
  Xtahua (Depths:4)
  4 golden dragons
  3 pandemonium lords
  Saint Roka (Depths:1)
  Nikola (Swamp:4)
  Jory (Vaults:4)
  A bone dragon (Depths:4)
  4 pearl dragons (Zig:11)
  4 tentacled monstrosities
  A Hell Sentinel (Zig:5)
  An Ice Fiend (Zig:6)
  10 liches
  A titan (Vaults:5)
  3 deep elf blademasters
  A walking divine tome (Depths:3)
  2 deep elf master archers
  2 quicksilver dragons
  8 ancient champions
  21 acid blobs
  5 sphinxes
  Agnes (D:15)
  A thorn hunter (Swamp:3)
  8 shadow dragons
  Donald (Swamp:2)
  9 rockslimes
  7 tengu reavers
  A nagaraja (Snake:3)
  2 storm dragons
  4 revenants (Crypt:1)
  5 fire giants
  A daeva (Zig:11)
  The ghost of Romunoh the Fetichist, an adept SpBr of Gozag (Snake:2)
  A fire giant (shapeshifter) (Zig:7)
  7 azure jellies
  A frost giant (shapeshifter) (Depths:4)
  A draconian scorcher (Zig:10)
  4 iron dragons
  A cacodemon (Zig:13)
  10 frost giants
  2 draconian knights
  Aizul (Depths:2)
  7 deep elf sorcerers
  12 vault wardens
  7 deep elf elementalists
  6 imperial myrmidons (Desolation)
  A draconian shifter (Zig:10)
  3 orc warlords
  An angel (Zig:11)
  3 spectral caustic shrikes (Depths:4)
  A draconian stormcaller (Zig:10)
  5 curse skulls
  22 ironbound preservers
  4 war gargoyles
  3 ophanim (Zig:11)
  2 reapers (Crypt:3)
  9 quicksilver oozes
  A demonspawn corrupter (Zig:13)
  13 very ugly things
  16 ghouls
  10 vampire knights
  A draconian annihilator (Depths:4)
  2 juggernaut skeletons
  7 ironbound thunderhulks
  12 stone giants
  A quicksilver ooze (shapeshifter) (Depths:4)
  5 eleionomae
  7 deep elf demonologists
  6 green draconians
  4 apis (Zig:11)
  11 dire elephants
  A purple draconian (Depths:4)
  11 deep elf annihilators
  A black draconian (Depths:4)
  3 entropy weavers
  2 red draconians (Zig:10)
  A yellow draconian (Zig:10)
  A spark wasp (shapeshifter) (Vaults:5)
  2 bunyips
  A halazid warlock (Desolation)
  A lorocyproca (Zig:13)
  5 eidola
  8 deep elf death magi
  6 white draconians
  3 crystal guardians
  Snorg (D:10)
  10 ettins
  A merfolk javelineer (Depths:1)
  7 fire dragons
  5 ragged hierophants (Desolation)
  6 jiangshi
  3 shambling mangroves
  11 deep elf high priests
  16 yaktaur captains
  3 spriggan zombies (Crypt:1)
  2 rakshasas
  17 naga warriors
  36 vault guards
  14 ice dragons
  7 salamander tyrants
  9 servants of whispers (Desolation)
  A ghost crab (Swamp:3)
  11 great orbs of eyes
  2 fenstrider witch zombies
  Harold (D:9)
  A juggernaut simulacrum (Zig:6)
  17 hydras
  3 spriggan skeletons (Crypt:1)
  2 catoblepae
  7 peacekeepers
  5 boulder beetles
  8 centaur warriors
  13 ironbound frosthearts
  16 anacondas
  2 ogre magi
  2 death knights (Crypt:1)
  7 spriggan air magi
  9 alligators
  3 two-headed ogres
  2 tengu warriors (D:15)
  6 deep troll earth magi
  11 death yaks
  5 deep troll shamans
  6 orc high priests
  10 shock serpents
  10 naga sharpshooters
  8 vampire magi
  29 dancing weapons
  A soul eater (Crypt:2)
  19 hell knights
  5 spriggan berserkers
  A sun demon (Depths:2)
  26 deep elf knights
  2 titan skeletons
  6 iron trolls
  3 shadow wraiths
  7 goliath frogs
  25 skeletal warriors
  A spark wasp zombie (Crypt:3)
  5 spriggan druids
  3 flayed ghosts
  A shadow demon (Zig:13)
  10 salamander mystics
  An iron giant zombie (Crypt:1)
  21 deep elf archers
  An anaconda zombie (Crypt:1)
  10 bog bodies
  4 glowing orange brains
  An obsidian statue (Zig:10)
  A storm dragon skeleton (Crypt:1)
  A cherub (Zig:11)
  A golden dragon skeleton (Crypt:3)
  12 wizards
  58 deep trolls
  4 naga ritualists
  14 swamp dragons
  A death drake (Swamp:2)
  20 ironbound convokers
  16 phantasmal warriors
  17 necromancers
  Pikel (D:9)
  A jorogumo zombie (Crypt:2)
  10 orc knights
  9 lindwurms
  4 harpies
  29 deep elf zephyrmancers
  35 deep elf pyromancers
  6 orange crystal statues
  9 orc sorcerers
  A shadow dragon zombie (Vaults:4)
  2 stone giant zombies
  A frost giant zombie (Depths:1)
  A tengu skeleton (Vaults:4)
  29 ugly things
  4 will-o-the-wisps
  37 salamanders
  6 cyclopes
  7 shining eyes
  13 mana vipers
  11 elephants
  3 manticores
  2 ice statues
  22 naga magi
  A stone giant skeleton (Crypt:3)
  17 guardian serpents
  19 vault sentinels
  A fire giant skeleton (Crypt:1)
  27 black mambas
  A smoke demon (Zig:3)
  7 eyes of devastation
  2 gargoyles
  A torpor snail (Lair:6)
  2 molten gargoyles (Desolation)
  A cane toad (shapeshifter) (Vaults:5)
  10 cane toads
  4 unseen horrors
  9 rime drakes
  An alligator snapping turtle skeleton (Crypt:3)
  2 kobold demonologists
  53 yaktaurs
  10 komodo dragons
  3 freezing wraiths
  An ice devil (Zig:6)
  4 tengu conjurers
  A merfolk (shapeshifter) (Vaults:5)
  A pale draconian skeleton (Crypt:1)
  5 trolls
  A tengu simulacrum (Zig:6)
  122 slime creatures
  A harpy zombie (Crypt:1)
  A slime creature (shapeshifter) (Elf:3)
  14 polar bears
  9 tyrant leeches
  50 saltlings
  A tarantella zombie (Crypt:2)
  A tarantella (shapeshifter) (Vaults:4)
  18 hornets
  3 dream sheep (Lair:6)
  5 blink frogs (Lair:3)
  A jumping spider (Vaults:1)
  A snapping turtle (shapeshifter) (Vaults:4)
  A stone giant simulacrum (Depths:1)
  10 flying skulls
  A fire giant simulacrum (Vaults:4)
  A guardian serpent skeleton (Crypt:3)
  4 air elementals
  A naga simulacrum (Crypt:1)
  An ice dragon skeleton (Crypt:2)
  A vampire (D:12)
  7 wraiths
  13 spriggans
  A merfolk skeleton (Crypt:1)
  6 wyverns
  34 yaks
  5 large abominations
  10 water elementals
  21 humans (D:14)
  A yak (shapeshifter) (D:14)
  3 steam dragons
  A golden eye (shapeshifter) (Zig:9)
  4 fire elementals
  6 golden eyes
  2 humans (shapeshifter)
  Grum (D:11)
  3 basilisks
  10 vampire mosquitoes
  4 chaos spawn (Depths:1)
  4 small abominations
  A wind drake skeleton (Crypt:2)
  A yaktaur simulacrum (Vaults:4)
  4 redbacks
  14 wargs
  A two-headed ogre zombie (Crypt:1)
  3 harpy simulacra (Crypt:1)
  19 swamp worms
  38 nagas
  18 water moccasins
  3 acid dragons
  4 hell hounds
  A deep troll skeleton (Crypt:2)
  A floating eye (Depths:3)
  48 orc warriors
  5 ice beasts
  7 swamp drakes
  A sky beast (D:6)
  2 black bears (Lair:6)
  2 boggarts
  7 necrophages
  6 starcursed masses (Zig:3)
  7 ogres
  50 wolves
  7 centaurs
  A phantom (D:6)
  A dream sheep skeleton (Crypt:1)
  An octopode zombie (Crypt:3)
  4 kobold brigands
  A salamander zombie (Crypt:1)
  9 bullfrogs
  4 earth elementals
  2 gnoll sergeants
  Blork the orc (D:6)
  4 scorpions
  A wyvern skeleton (D:7)
  5 killer bees (D:8)
  9 wights
  A vampire bat (D:5)
  4 howler monkeys
  An electric eel (Lair:2)
  A jelly (D:7)
  A basilisk zombie (Crypt:1)
  5 centaur zombies
  A hound (D:4)
  Crazy Yiuf (D:2)
  A bullfrog zombie (D:5)
  A centaur skeleton (D:7)
  A gnoll shaman (D:9)
  20 orc priests
  Ijyb (D:5)
  3 iron imps (D:8)
  2 bullfrog skeletons
  An iguana (D:3)
  Terence (D:2)
  23 orc wizards
  A deep dwarf zombie (Crypt:1)
  An acid dragon skeleton (Crypt:3)
  2 hound skeletons
  A mummy (Crypt:1)
  21 gnolls
  A howler monkey skeleton (Crypt:2)
  7 adders
  A steam dragon zombie (Crypt:2)
  A shadow imp (D:7)
  A worm zombie (Crypt:2)
  2 worms (D:2)
  8 fire bats
  81 orcs
  2 spectral bats (D:5)
  6 ball pythons
  3 bat skeletons (D:5)
  2 bat zombies
  6 endoplasms
  6 giant cockroaches
  6 goblins
  8 hobgoblins
  4 jackals (D:1)
  29 kobolds
  A quokka (D:1)
  14 bats
  A bat simulacrum (D:5)
  5 frilled lizards
  A goblin skeleton (Crypt:2)
  A hobgoblin skeleton (Crypt:2)
  10 rats
2435 creatures vanquished.

Vanquished Creatures (others)
  An Executioner (Zig:13)
  The ghost of Timpihef the Spry, an adept OpAK of Lugonu (Elf:2)
  A fire giant (Vaults:5)
  3 deep elf knights
  A deep elf archer (Elf:2)
  A deep elf zephyrmancer (Elf:2)
  2 deep elf pyromancers (Elf:2)
  A will-o-the-wisp (Swamp:3)
  An ugly thing (Zig:7)
  A bloated husk (Swamp:2)
  3 chaos spawn
  A gnoll (D:9)
  An orc (Orc:1)
  3 ball lightnings (Zig:7)
  23 foxfires
  70 fungi
  91 plants
  28 withered plants (Crypt:3)
233 creatures vanquished.

Grand Total: 2668 creatures vanquished

Notes
Turn   | Place    | Note
-------+----------+-------------------------------------------
     0 | D:1      | Peloso the Minotaur Fighter began the quest for the Orb.
     0 | D:1      | Reached XP level 1. HP: 19/19 MP: 0/0
   118 | D:1      | Reached XP level 2. HP: 23/27 MP: 1/1
   491 | D:1      | Found a faded altar of an unknown god.
   605 | D:1      | Reached XP level 3. HP: 33/33 MP: 2/2
   969 | D:2      | Noticed Terence
   986 | D:2      | HP: 1/33 [Terence/+0 flail (5)]
   987 | D:2      | Killed Terence
  1367 | D:2      | Reached XP level 4. HP: 28/40 MP: 3/3
  1650 | D:2      | Found a runed translucent door.
  1651 | D:2      | Noticed Crazy Yiuf
  2051 | D:3      | Reached skill level 5 in Armour
  2061 | D:3      | Reached XP level 5. HP: 25/47 MP: 4/4
  2223 | D:3      | Reached skill level 1 in Dodging
  2223 | D:3      | Reached XP level 6. HP: 19/55 MP: 5/5
  2552 | D:3      | Reached skill level 5 in Fighting
  2853 | D:3      | Reached skill level 5 in Long Blades
  3327 | D:4      | Reached XP level 7. HP: 57/61 MP: 6/6
  3528 | D:4      | Found a staircase to the Ecumenical Temple.
  3570 | Temple   | Entered the Ecumenical Temple
  3671 | Temple   | Became a worshipper of Warmaster Okawaru
  3944 | D:4      | Found a shimmering altar of Xom.
  3946 | D:4      | Found a glowing golden altar of the Shining One.
  3946 | D:4      | Found a sacrificial altar of Ru.
  3948 | D:4      | Found a sparkling altar of Nemelex Xobeh.
  3948 | D:4      | Found an iron altar of Okawaru.
  3948 | D:4      | Found an iron altar of Okawaru.
  3979 | D:5      | Entered Level 5 of the Dungeon
  4181 | D:5      | Reached skill level 5 in Shields
  4241 | D:5      | Noticed Ijyb
  4249 | D:5      | Killed Ijyb
  4403 | D:5      | Found an opulent altar of Gozag.
  4409 | D:5      | Reached * piety under Okawaru
  4410 | D:5      | Reached skill level 1 in Stealth
  4492 | D:5      | Reached XP level 8. HP: 70/70 MP: 7/7
  5210 | D:6      | Noticed Blork the orc
  5220 | D:6      | Killed Blork the orc
  5905 | D:6      | Found a sparkling altar of Nemelex Xobeh.
  5985 | D:6      | Reached ** piety under Okawaru
  6288 | D:6      | Reached XP level 9. HP: 50/78 MP: 8/8
  6737 | D:7      | Noticed a seven-headed hydra
  6737 | D:7      | Noticed a troll
  6737 | D:7      | Noticed a green ugly thing
  6755 | D:7      | Killed a seven-headed hydra
  6760 | D:7      | Killed a troll
  6760 | D:7      | Reached *** piety under Okawaru
  6761 | D:7      | Reached skill level 10 in Long Blades
  6783 | D:7      | Reached skill level 1 in Invocations
  6785 | D:7      | Found a flagged portal.
  6788 | Bailey   | Entered a bailey
  7097 | Bailey   | Reached skill level 1 in Evocations
  7100 | Bailey   | Noticed an orc warlord
  7181 | Bailey   | Reached XP level 10. HP: 66/86 MP: 6/9
  7397 | Bailey   | Found a runed translucent gate.
  7398 | Bailey   | Found a runed translucent gate.
  7400 | Bailey   | Found a runed translucent gate.
  7483 | Bailey   | Acquired 391 gold pieces
  7503 | Bailey   | Acquired the +2 pair of gloves "Lami" {rPois Str+4}
  7652 | Bailey   | Killed an orc warlord
  7653 | Bailey   | Reached skill level 10 in Armour
  7669 | Bailey   | Identified the +0 ring mail "Fann" {Dex+3}
  7943 | D:7      | Noticed a red ugly thing
  7962 | D:7      | Killed a red ugly thing
  8094 | D:7      | Killed a green ugly thing
  8094 | D:7      | Reached **** piety under Okawaru
  8094 | D:7      | Received a gift from Okawaru
  8442 | D:7      | You fall into a shaft and drop 2 floors!
  8993 | D:7      | Noticed a two-headed ogre
  9000 | D:7      | Killed a two-headed ogre
  9000 | D:7      | Reached ***** piety under Okawaru
  9001 | D:7      | Noticed a gargoyle
  9015 | D:7      | Killed a gargoyle
  9016 | D:7      | Reached XP level 11. HP: 83/95 MP: 11/11
  9226 | D:8      | Found a sacrificial altar of Ru.
  9855 | D:8      | Found a burning altar of Makhleb.
 10508 | D:9      | Noticed Pikel
 10516 | D:9      | Killed Pikel
 10719 | D:9      | Noticed a deep elf pyromancer
 10733 | D:9      | Killed a deep elf pyromancer
 10818 | D:9      | Found a runed translucent door.
 10819 | D:9      | Noticed a fire dragon
 10820 | D:9      | Found the +2 shield of Resistance {rF++ rC++ Will++}
 10821 | D:9      | Noticed a fire dragon
 10821 | D:9      | Noticed an ice dragon
 10823 | D:9      | Noticed an ice dragon
 10841 | D:9      | Found a runed translucent door.
 11086 | D:9      | Noticed Harold
 11109 | D:9      | Killed Harold
 11409 | D:10     | Entered Level 10 of the Dungeon
 11708 | D:10     | Found a staircase to the Orcish Mines.
 11879 | D:10     | Found a snail-covered altar of Cheibriados.
 11995 | D:10     | Noticed a soul eater
 11998 | D:10     | Identified the +5 falchion of Mezitre {freeze, Dex+4
                  | Stlth+} (Okawaru gifted it to you on level 10 of the
                  | Dungeon)
 11998 | D:10     | Received a gift from Okawaru
 12281 | D:10     | Reached skill level 10 in Fighting
 12797 | D:11     | Noticed an eight-headed hydra
 12797 | D:11     | Noticed a five-headed hydra
 12797 | D:11     | Noticed an orc knight
 12797 | D:11     | Noticed a boulder beetle
 12797 | D:11     | Noticed a deep elf pyromancer
 12798 | D:11     | Noticed a brown ugly thing
 12807 | D:11     | Noticed a rakshasa
 12878 | D:11     | Noticed a boulder beetle
 13127 | D:11     | Noticed Grum
 13162 | D:11     | Killed Grum
 13163 | D:11     | Reached XP level 12. HP: 57/106 MP: 13/13
 13480 | D:11     | Found a staircase to the Lair.
 14266 | D:11     | Killed a boulder beetle
 14266 | D:11     | Received a gift from Okawaru
 14394 | Lair:1   | Entered Level 1 of the Lair of Beasts
 15546 | Lair:1   | Reached skill level 10 in Shields
 15968 | Lair:1   | Reached ****** piety under Okawaru
 16296 | Lair:2   | Noticed a seven-headed hydra
 16310 | Lair:2   | Killed a two-headed hydra
 16311 | Lair:2   | Reached skill level 15 in Long Blades
 17144 | Lair:2   | Received a gift from Okawaru
 17484 | Lair:3   | Reached XP level 13. HP: 89/117 MP: 14/14
 17512 | Lair:3   | Found a staircase to the Swamp.
 17866 | Lair:3   | Found a staircase to the Snake Pit.
 19519 | Lair:4   | Received a gift from Okawaru
 19551 | Lair:4   | Received a gift from Okawaru
 20262 | Orc:1    | Entered Level 1 of the Orcish Mines
 20363 | Orc:1    | Noticed Snorg
 20399 | D:10     | Killed Snorg
 20678 | D:10     | Reached skill level 15 in Armour
 21242 | Orc:2    | Entered Level 2 of the Orcish Mines
 21249 | Orc:2    | Found Tidoom's Antique Armour Shoppe.
 21820 | Orc:2    | Found Qaostrott's Antique Weapon Boutique.
 21829 | Orc:2    | Noticed an orc warlord
 22054 | Orc:2    | Killed an orc warlord
 22054 | Orc:2    | Identified the +10 plate armour of Goasig {Int+4} (Okawaru
                  | gifted it to you on level 2 of the Orcish Mines)
 22054 | Orc:2    | Received a gift from Okawaru
 23045 | Orc:1    | Reached XP level 14. HP: 59/129 MP: 13/16
 23696 | Orc:2    | Found Cyxkoec's Book Emporium.
 23910 | Orc:2    | Found a staircase to the Elven Halls.
 23910 | Orc:2    | Found Kipint's General Store.
 23918 | Orc:2    | Bought a potion of heal wounds for 80 gold pieces
 24107 | Orc:2    | Bought the +3 crown of Dyrovepreva {rElec Int+2 SInv} for
                  | 1531 gold pieces
 24107 | Orc:2    | Found the +3 crown of Dyrovepreva {rElec Int+2 SInv}
 26282 | D:13     | Identified the +1 scale mail of Hoips {rF+}
 27287 | D:14     | Received a gift from Okawaru
 27308 | D:14     | Reached skill level 5 in Dodging
 27664 | D:14     | Found a gate to the Vaults.
 28423 | D:2      | Killed Crazy Yiuf
 29357 | Orc:2    | Bought a wand of digging (5) for 288 gold pieces
 29483 | D:11     | Received a gift from Okawaru
 30186 | Lair:5   | Found a runed translucent door.
 30186 | Lair:5   | Found a viscous altar of Jiyva.
 30186 | Lair:5   | Noticed an acid blob
 30191 | Lair:5   | Found a staircase to the Slime Pits.
 30597 | Lair:6   | Entered Level 6 of the Lair of Beasts
 30653 | Lair:6   | Reached XP level 15. HP: 137/139 MP: 17/17
 30736 | Lair:6   | Found a dark tunnel.
 30738 | Lair:6   | Identified the +1 ring mail "Empi" {Str+2 Dex+2} (Okawaru
                  | gifted it to you on level 6 of the Lair of Beasts)
 30738 | Lair:6   | Received a gift from Okawaru
 30753 | Volcano  | Entered a volcano
 31344 | Lair:6   | Reached skill level 15 in Fighting
 31942 | Lair:6   | Identified the +1 chain mail of Narcissism {Int+4}
 32299 | D:15     | Entered Level 15 of the Dungeon
 32343 | D:15     | Reached skill level 15 in Shields
 32442 | D:15     | Noticed Agnes
 32446 | D:15     | Killed Agnes
 32669 | D:15     | Found a staircase to the Depths.
 33029 | D:15     | Received a gift from Okawaru
 34256 | Elf:1    | Entered Level 1 of the Elven Halls
 34831 | Elf:1    | Reached XP level 16. HP: 151/151 MP: 18/18
 35411 | Elf:1    | Identified the +1 kite shield "Aruely" {rC++} (Okawaru
                  | gifted it to you on level 1 of the Elven Halls)
 35411 | Elf:1    | Received a gift from Okawaru
 36387 | Elf:2    | Found a runed translucent gate.
 36387 | Elf:2    | Found a runed translucent gate.
 36387 | Elf:2    | Found a runed translucent gate.
 36392 | Elf:2    | Noticed Timpihef's ghost (adept OpAK)
 36803 | Elf:2    | Found a runed translucent gate.
 36805 | Elf:2    | Found a runed translucent gate.
 36805 | Elf:2    | Found a runed translucent gate.
 36968 | Elf:3    | Entered Level 3 of the Elven Halls
 37263 | Elf:3    | Identified the +1 hat "Umer" {Will+ rCorr Dex+2} (Okawaru
                  | gifted it to you on level 3 of the Elven Halls)
 37263 | Elf:3    | Received a gift from Okawaru
 37564 | Elf:3    | Noticed a Hell Sentinel
 38225 | Elf:3    | Noticed a deep elf master archer
 38231 | Elf:3    | Killed a deep elf master archer
 38653 | Elf:3    | Identified the +0 robe of Chimes {+Inv}
 38847 | Elf:3    | Noticed a deep elf blademaster
 39081 | Elf:2    | Killed a deep elf blademaster
 39122 | Elf:2    | Reached XP level 17. HP: 64/162 MP: 9/19
 39570 | Elf:3    | Identified the +3 leather armour of Feiwuhurgh {rC+ Int+4}
 39938 | Elf:3    | Identified the +10 shortbow of Raujuul {freeze, rC+ Will-
                  | rCorr SInv}
 39951 | Elf:3    | Got Zunev's Collected Works on Supportive Poison
 39956 | Elf:3    | Identified the +1 leather armour of the Lair of Beasts
                  | {Contam rElec Regen+ Str+5}
 40147 | Elf:3    | Identified the +0 chain mail of Agesh {rCorr MP+9 Dex-3
                  | Stlth+}
 40191 | Elf:3    | Identified the +0 war axe of Youthful Indiscretion {speed,
                  | *Rage rC++ Int+6}
 40292 | Elf:3    | Noticed Bai Suzhen
 40307 | Elf:3    | Killed Bai Suzhen
 41413 | Elf:2    | Killed Timpihef's ghost
 41719 | Elf:2    | Received a gift from Okawaru
 41773 | Elf:2    | Identified the +3 pair of gloves of Words of Power {Int+3}
 41903 | Elf:2    | Noticed a deep elf blademaster
 41917 | Elf:2    | Killed a deep elf blademaster
 43450 | Swamp:1  | Entered Level 1 of the Swamp
 43654 | Swamp:1  | Received a gift from Okawaru
 44381 | Swamp:1  | Noticed a tentacled monstrosity
 44404 | Swamp:1  | Killed a tentacled monstrosity
 44561 | Snake:1  | Entered Level 1 of the Snake Pit
 45235 | Snake:2  | Reached XP level 18. HP: 166/174 MP: 20/20
 45539 | Snake:2  | Identified the +1 plate armour of Spring {rC++ Stlth+}
                  | (Okawaru gifted it to you on level 2 of the Snake Pit)
 45539 | Snake:2  | Received a gift from Okawaru
 45672 | Snake:2  | Found a runed translucent gate.
 45672 | Snake:2  | Found a runed translucent gate.
 45673 | Snake:2  | Found a runed translucent gate.
 45674 | Snake:2  | Noticed Romunoh's ghost (adept SpBr)
 45718 | Snake:2  | Noticed Vashnia
 46110 | Snake:2  | Killed Vashnia
 46791 | Snake:2  | Killed Romunoh's ghost
 47344 | Snake:3  | Found Zimy's Magic Scroll Emporium.
 47353 | Snake:3  | Found Ezxa's Armour Shoppe.
 47406 | Snake:3  | Bought a scroll of blinking for 75 gold pieces
 47406 | Snake:3  | Bought a scroll of enchant weapon for 75 gold pieces
 47406 | Snake:3  | Bought a scroll of enchant armour for 75 gold pieces
 47661 | Snake:3  | Received a gift from Okawaru
 47694 | Snake:3  | Reached skill level 5 in Stealth
 48181 | Snake:4  | Entered Level 4 of the Snake Pit
 48268 | Snake:4  | HP: 3/176 [naga warrior/+0 hand axe (25)]
 49426 | Snake:4  | Received a gift from Okawaru
 50318 | Snake:4  | Received a gift from Okawaru
 51000 | Snake:4  | Reached XP level 19. HP: 179/184 MP: 21/21
 51644 | Snake:4  | Got a serpentine rune of Zot
 52324 | Swamp:2  | Identified the +1 scale mail of Kindness {+Inv Will++ Str-3
                  | Slay+2} (Okawaru gifted it to you on level 2 of the Swamp)
 52324 | Swamp:2  | Received a gift from Okawaru
 52761 | Swamp:2  | Noticed Donald
 52773 | Swamp:2  | Killed Donald
 53319 | Swamp:3  | Found a frozen archway.
 53328 | IceCv    | Entered an ice cave
 54311 | IceCv    | Acquired 778 gold pieces
 54444 | IceCv    | Reached skill level 1 in Short Blades
 54444 | IceCv    | Reached XP level 20. HP: 145/195 MP: 14/22
 55178 | Swamp:4  | Entered Level 4 of the Swamp
 55178 | Swamp:4  | Noticed Nikola
 55186 | Swamp:4  | Killed Nikola
 55187 | Swamp:4  | Reached skill level 5 in Invocations
 56573 | Swamp:3  | Identified the +0 ring mail of Moh Moif {Drain rCorr Str+2}
                  | (Okawaru gifted it to you on level 3 of the Swamp)
 56573 | Swamp:3  | Received a gift from Okawaru
 56961 | Swamp:4  | Got a decaying rune of Zot
 57017 | Swamp:4  | Reached XP level 21. HP: 167/202 MP: 19/23
 58093 | Vaults:1 | Entered Level 1 of the Vaults
 58160 | Vaults:1 | Acquired the +0 pair of boots of Inference {rCorr Stlth+}
 59699 | Vaults:1 | Identified the +0 kite shield of the Swamp {rPois rF+}
                  | (Okawaru gifted it to you on level 1 of the Vaults)
 59699 | Vaults:1 | Received a gift from Okawaru
 60690 | Vaults:2 | Found a magical portal.
 60713 | WizLab   | Entered Yara's Duelist Academy
 60945 | WizLab   | Got Yara's Incunabulum of Malediction
 61143 | WizLab   | Found the +5 demon whip "Spellbinder" {antimagic, Will+}
 61158 | WizLab   | Noticed Repsinao
 61168 | WizLab   | Killed Repsinao the Head Instructor
 63064 | Vaults:2 | Received a gift from Okawaru
 63732 | Vaults:3 | Reached XP level 22. HP: 199/215 MP: 22/24
 64305 | Vaults:3 | Received a gift from Okawaru
 65472 | Vaults:3 | Found a staircase to the Crypt.
 66027 | Vaults:4 | Found a crumbling gateway.
 66054 | Desolati | Entered the Desolation of Salt
 66767 | Desolati | Identified the ring "Uhaenot" {rF+ rC- Str+4 Int+6 Dex+5}
 66797 | Desolati | Identified the +2 cloak of Noon {Will++ Regen+ Int+9
                  | Stlth-} (Okawaru gifted it to you in the Desolation of
                  | Salt)
 66797 | Desolati | Received a gift from Okawaru
 67247 | Desolati | Identified the +1 rapier of Uwnao {spect, Drain Dex+6 SInv
                  | Stlth+}
 67364 | Desolati | Identified the ring "Buhyus" {rC+ rCorr Str+3}
 67370 | Desolati | Got the Tome of Venom
 67371 | Desolati | Identified the +4 plate armour of Beyond {Rampage rC-
                  | Dex+6}
 67929 | Vaults:4 | Reached skill level 27 in Shields
 68267 | Vaults:4 | Reached XP level 23. HP: 200/227 MP: 20/25
 68273 | Vaults:4 | Noticed Margery
 68284 | Vaults:4 | Killed Margery
 68284 | Vaults:4 | Identified the +0 hat "Qeuckyiq" {Int+3} (Okawaru gifted it
                  | to you on level 4 of the Vaults)
 68284 | Vaults:4 | Received a gift from Okawaru
 68406 | Vaults:4 | Noticed Jory
 68432 | Vaults:4 | Killed Jory
 68787 | Vaults:5 | Entered Level 5 of the Vaults
 68921 | Vaults:5 | Noticed Sojobo
 69000 | Vaults:4 | Paralysed by an air elemental for 1 turns
 69010 | Vaults:4 | Paralysed by an air elemental for 1 turns
 69014 | Vaults:4 | Killed Sojobo
 69804 | Vaults:4 | Identified the +6 chain mail "Giwevvao" {-Tele rPois
                  | Slay+5} (Okawaru gifted it to you on level 4 of the Vaults)
 69804 | Vaults:4 | Received a gift from Okawaru
 70249 | Vaults:5 | Identified the +9 plate armour "Jepnaoz" {Harm Str+2}
 70360 | Vaults:5 | Got the Almanac of the Assorted Xenops
 70514 | Vaults:5 | Identified the +1 leather armour of Mumblety Peg {rPois}
 70696 | Vaults:5 | Got a silver rune of Zot
 71294 | Vaults:5 | Identified the amulet of Atelifra {Reflect -Tele Str+4
                  | Dex+4 SH+5}
 71302 | Vaults:5 | Identified the ring of Galim {rF++ rC+ rN+++ Will+ Dex-3}
 71330 | Vaults:5 | Identified the +6 scimitar of Untruth {flame, rC+}
 71335 | Vaults:5 | Identified the ring of Temptation {EV+4 Dex+4}
 71346 | Vaults:5 | Identified the ring of Qyxoeme Ucvi {rC+ rCorr MP+9 Int-2
                  | Dex+2}
 71371 | Vaults:5 | Got the Compendium of Heat and Confrontation
 72374 | Crypt:1  | Entered Level 1 of the Crypt
 72405 | Crypt:1  | Reached XP level 24. HP: 202/242 MP: 22/26
 72422 | Crypt:1  | Identified the +9 long sword "Wyipet" {holy, rCorr MP+9}
                  | (Okawaru gifted it to you on level 1 of the Crypt)
 72422 | Crypt:1  | Received a gift from Okawaru
 72449 | Crypt:1  | Noticed a royal mummy
 72451 | Crypt:1  | Noticed Khufu
 72457 | Crypt:1  | Noticed a royal mummy
 72460 | Crypt:1  | Killed a royal mummy
 72600 | Crypt:1  | Killed a royal mummy
 72608 | Crypt:1  | Killed Khufu
 73095 | Crypt:1  | Identified the +1 robe of Starshine {rF+ Regen+ Str+4}
                  | (Okawaru gifted it to you on level 1 of the Crypt)
 73095 | Crypt:1  | Received a gift from Okawaru
 73521 | Crypt:2  | Identified the +4 quarterstaff of Faashrufe {drain, rPois
                  | SInv}
 74142 | Crypt:3  | Entered Level 3 of the Crypt
 74828 | Crypt:3  | Found a staircase to the Tomb.
 75178 | Crypt:3  | Identified the +12 scythe "Golajeop" {vorpal, rC+ Str+3
                  | SInv}
 75590 | Depths:1 | Entered Level 1 of the Depths
 75613 | Depths:1 | Received a gift from Okawaru
 75826 | Depths:1 | Noticed Saint Roka
 75840 | Depths:1 | Killed Saint Roka
 75890 | Depths:1 | Found a one-way gate to the infinite horrors of the Abyss.
 75911 | Depths:1 | Reached skill level 27 in Fighting
 76056 | Depths:1 | Reached XP level 25. HP: 257/257 MP: 26/26
 76111 | Depths:1 | Found a gateway to Hell.
 76279 | Depths:1 | Found a one-way gateway to a ziggurat.
 76544 | Depths:1 | Found a portal to a secret trove of treasure.
 77911 | Depths:1 | You paid a toll of +2 storm dragon scales to enter a
                  | treasure trove
 77912 | Trove    | Entered a treasure trove
 77918 | Trove    | Identified the +0 cloak "Yrugav" {rElec rF+ Regen+}
 77924 | Trove    | Identified the +2 pair of gloves "Eqieh" {Rampage rCorr
                  | Dex-4}
 77926 | Trove    | Identified the +4 plate armour "Ity Acob" {Rampage}
 77930 | Trove    | Identified the +3 plate armour of Ziuxt {+Inv rElec Str+4
                  | Int-5}
 77931 | Trove    | Identified the +3 leather armour of the Dragon {Rampage
                  | +Blink MP+9}
 77935 | Trove    | Identified the +0 leather armour of Hynk {Stlth+}
 78086 | Depths:2 | Noticed Aizul
 78097 | Depths:2 | Killed Aizul
 78141 | Depths:2 | Reached skill level 27 in Long Blades
 78184 | Depths:2 | Found a sparkling altar of Nemelex Xobeh.
 78767 | Depths:2 | Found a one-way gate leading to the halls of Pandemonium.
 79100 | Depths:3 | Noticed a juggernaut
 79111 | Depths:3 | Killed a juggernaut
 79128 | Depths:3 | Received a gift from Okawaru
 79174 | Depths:3 | Identified the ring of Midwinter {Ice Int+6}
 79178 | Depths:3 | Got Sif Muna's Catalogue of Spatial Transmutation
 79578 | Depths:3 | Found a sacrificial altar of Ru.
 79877 | Depths:3 | Noticed Mara
 79879 | Depths:3 | Noticed Peloso's illusion
 79896 | Depths:3 | Killed Mara
 79953 | Depths:4 | Entered Level 4 of the Depths
 79954 | Depths:4 | Noticed Boris
 79963 | Depths:4 | Killed Boris
 80093 | Depths:4 | Identified the +1 ring mail of Rabekle {rF+ Regen+ Int-2
                  | Slay+4}
 80137 | Depths:4 | Noticed Xtahua
 80150 | Depths:4 | Killed Xtahua
 80184 | Depths:4 | Found an ancient bone altar of Kikubaaqudgha.
 80251 | Depths:4 | Received a gift from Okawaru
 80388 | Depths:4 | Found a gate to the Realm of Zot.
 80443 | Depths:4 | Identified the +2 scale mail "Arygh" {rPois} (Okawaru
                  | gifted it to you on level 4 of the Depths)
 80443 | Depths:4 | Received a gift from Okawaru
 80604 | Depths:4 | Identified the +7 plate armour of Supple Strength {MP+9
                  | Str+4}
 81281 | Lair:2   | Acquired the +8 autumn katana {vorpal, manifold assault}
 81281 | Lair:2   | Found the +8 autumn katana {vorpal, manifold assault}
 81746 | Slime:1  | Entered Level 1 of the Pits of Slime
 81808 | Slime:2  | Reached skill level 10 in Dodging
 82067 | Slime:2  | Gained mutation: Your body sometimes deteriorates upon
                  | taking damage. [a shining eye]
 82373 | Slime:5  | Entered Level 5 of the Pits of Slime
 82377 | Slime:5  | Gained mutation: You are dopey. (Int -2) [a shining eye]
 82377 | Slime:5  | Gained mutation: You are somewhat resistant to further
                  | mutation. [a shining eye]
 82591 | Slime:4  | Reached XP level 26. HP: 214/266 MP: 26/26
 82761 | Slime:5  | Reached skill level 27 in Armour
 83013 | Slime:5  | Noticed the Royal Jelly
 83036 | Slime:5  | Killed the Royal Jelly
 83040 | Slime:5  | HP: 10/266 [rockslime[the Royal Jelly] (28)]
 83919 | Slime:5  | Found the +8 arc blade {discharge, rElec}
 83924 | Slime:5  | Gained mutation: You are very dopey. (Int -4) [a shining
                  | eye]
 83952 | Slime:5  | Identified the ring of Goumnupy {rElec rCorr Dex+4}
 83990 | Slime:5  | Identified the +4 mace of Irritation {speed, +Blink rPois
                  | Int+7 Stlth-}
 84019 | Slime:5  | Got a slimy rune of Zot
 84020 | Slime:5  | Identified the +5 broad axe of Jykh {vorpal, rN+ Str+4}
 84201 | Lair:2   | Lost mutation: You are somewhat resistant to further
                  | mutation. [potion of mutation]
 84201 | Lair:2   | Lost mutation: Your body sometimes deteriorates upon taking
                  | damage. [potion of mutation]
 84201 | Lair:2   | Gained mutation: You are occasionally teleported next to
                  | monsters. [potion of mutation]
 84201 | Lair:2   | Gained mutation: You have sharp toenails. [potion of
                  | mutation]
 84202 | Lair:2   | Lost mutation: You are occasionally teleported next to
                  | monsters. [potion of mutation]
 84202 | Lair:2   | Lost mutation: You have sharp toenails. [potion of
                  | mutation]
 84202 | Lair:2   | Lost mutation: You are very dopey. (Int -4) [potion of
                  | mutation]
 84202 | Lair:2   | Gained mutation: You are clumsy. (Dex -2) [potion of
                  | mutation]
 84202 | Lair:2   | Gained mutation: You passively dampen the noise of your
                  | surroundings. [potion of mutation]
 84203 | Lair:2   | Lost mutation: You are clumsy. (Dex -2) [potion of
                  | mutation]
 84203 | Lair:2   | Lost mutation: You passively dampen the noise of your
                  | surroundings. [potion of mutation]
 84203 | Lair:2   | Gained mutation: You have hidden genetic defects. [potion
                  | of mutation]
 84203 | Lair:2   | Gained mutation: You have large cloven feet. [potion of
                  | mutation]
 84204 | Lair:2   | Lost mutation: You have large cloven feet. [potion of
                  | mutation]
 84204 | Lair:2   | Lost mutation: You have hidden genetic defects. [potion of
                  | mutation]
 84204 | Lair:2   | Lost mutation: You are dopey. (Int -2) [potion of mutation]
 84204 | Lair:2   | Gained mutation: You tend to lose your temper in combat.
                  | [potion of mutation]
 84204 | Lair:2   | Gained mutation: Your magical capacity is low. (-10% MP)
                  | [potion of mutation]
 84204 | Lair:2   | Gained mutation: Your system is resistant to poisons.
                  | (rPois) [potion of mutation]
 84205 | Lair:2   | Lost mutation: Your system is resistant to poisons. (rPois)
                  | [potion of mutation]
 84205 | Lair:2   | Lost mutation: You tend to lose your temper in combat.
                  | [potion of mutation]
 84205 | Lair:2   | Gained mutation: You have supernaturally acute eyesight.
                  | (SInv) [potion of mutation]
 84205 | Lair:2   | Gained mutation: Your flesh is heat resistant. (rF+)
                  | [potion of mutation]
 84205 | Lair:2   | Gained mutation: You are partially covered in iridescent
                  | scales. (AC +2) [potion of mutation]
 84205 | Lair:2   | Gained mutation: Your system is resistant to poisons.
                  | (rPois) [potion of mutation]
 84675 | Zig:1    | Entered Level 1 of a ziggurat
 84696 | Zig:2    | Entered Level 2 of a ziggurat
 84736 | Zig:3    | Entered Level 3 of a ziggurat
 84748 | Zig:3    | Paralysed by accursed screaming for 1 turns
 84758 | Zig:3    | Got Puygenoi's Catalogue of Snow
 84880 | Zig:4    | Entered Level 4 of a ziggurat
 85054 | Zig:5    | Entered Level 5 of a ziggurat
 85175 | Zig:6    | Entered Level 6 of a ziggurat
 85438 | Zig:7    | Entered Level 7 of a ziggurat
 85447 | Zig:7    | Noticed Lotz the pandemonium lord
 85448 | Zig:7    | Noticed Ajaalic the pandemonium lord
 85453 | Zig:7    | Found the amulet of the Air {Inacc Air Fly rElec RMsl}
 85459 | Zig:7    | Killed Ajaalic the pandemonium lord
 85465 | Zig:7    | Killed Lotz the pandemonium lord
 85875 | Zig:7    | Identified the +0 robe "Hookhorgh" {rN+ Str+3 Dex+3}
 86021 | Zig:8    | Entered Level 8 of a ziggurat
 86259 | Zig:8    | Identified the +5 ring mail of Waih Kiw {rPois rC+ Will-
                  | Str+3}
 86262 | Zig:8    | Identified the +8 arbalest of Uncertain Death {freeze,
                  | Dex+3}
 86463 | Zig:9    | Entered Level 9 of a ziggurat
 86473 | Zig:9    | Paralysed by an air elemental for 1 turns
 86673 | Zig:9    | Identified the +8 quarterstaff of the Black Skies
                  | {antimagic, *Noise +Blink rElec rN+}
 86820 | Zig:10   | Entered Level 10 of a ziggurat
 87378 | Zig:10   | Found the +10 dark maul {vorpal}
 87423 | Zig:10   | Identified the +10 battleaxe "Eshett" {protect, Dex+5}
 87428 | Zig:10   | Identified the +3 halberd of Fanoedag {protect, +Blink}
 87480 | Zig:11   | Entered Level 11 of a ziggurat
 87540 | Zig:11   | Identified the +5 chain mail of Peirys {Will+ Regen+ Dex-4}
                  | (Okawaru gifted it to you on level 11 of a ziggurat)
 87540 | Zig:11   | Received a gift from Okawaru
 87578 | Zig:11   | Reached skill level 15 in Dodging
 87945 | Zig:11   | Identified the +0 buckler "Vyuneru" {Str+5 Dex-3}
 87949 | Zig:11   | Identified the +8 short sword of Ascent {flame, rCorr}
 88086 | Zig:12   | Entered Level 12 of a ziggurat
 88432 | Zig:12   | Identified the +9 dagger of Dim Light {flame, Fragile rN+++
                  | Str+3}
 88436 | Zig:12   | Identified the +5 hand crossbow of Hatred {venom, +Blink
                  | rPois MP+9 SInv}
 88457 | Zig:12   | Reached skill level 1 in Axes
 88457 | Zig:12   | Reached skill level 1 in Maces & Flails
 88457 | Zig:12   | Reached skill level 1 in Polearms
 88457 | Zig:12   | Reached skill level 1 in Staves
 88457 | Zig:12   | Reached skill level 1 in Bows
 88457 | Zig:12   | Reached skill level 1 in Throwing
 88457 | Zig:12   | Reached XP level 27. HP: 273/273 MP: 26/26
 88633 | Zig:13   | Entered Level 13 of a ziggurat
 88649 | Zig:13   | Gained mutation: You are occasionally teleported next to
                  | monsters. [a cacodemon]
 88668 | Zig:13   | Reached skill level 10 in Invocations
 88672 | Zig:13   | Noticed Zeeczoth the pandemonium lord
 88685 | Zig:13   | Gained mutation: You are dopey. (Int -2) [a cacodemon]
 88701 | Zig:13   | HP: 10/273 [large abomination[Zeeczoth] (16)]
 88707 | Zig:13   | Killed Zeeczoth the pandemonium lord
 88709 | Zig:13   | HP: 10/273 [balrug/divine providence[a shadow demon] (10)]
 88709 | Zig:13   | Slain by a demonspawn blood saint

Illustrated notes

Levels and vault maps discovered:
D:1:      sevenhm_arrival_forest_fort_large_4, layout_rooms,
          chequers_ecumenical_altar_simple, st_stairs_2,
          minmay_misc_feat_rugged, serial_bayou_crossing
D:2:      layout_rooms, uniq_terence, uniq_crazy_yiuf_cottage
D:3:      layout_rooms
D:4:      layout_rooms, doesnt_xom_only_xom, minmay_temple_entry_gardened_gates
D:5:      layout_loops_ring, nicolae_gozag_seed_capital, serial_bayou_pond_c,
          goddamned_bats, uniq_ijyb
D:6:      layout_cave_pods, lemuel_tele_altar, minmay_misc_feat_chi,
          uniq_blork_the_orc
D:7:      layout_rooms, enter_bailey_2, minmay_shattered_shrine
D:8:      layout_basic, demons_altar, nicolae_overflow_crystal_walls,
          st_stairs_3
D:9:      layout_roguey, kennysheep_donut, minmay_guarded_unrand_resistance,
          uniq_pikel, uniq_harold
D:10:     layout_loops_ring, mainiacjoe_overflow_brackets,
          minmay_orc_entry_guard_dogs
D:11:     layout_irregular_city, dpeg_oklobed_lair, minivault_12, uniq_grum
D:12:     layout_basic, minmay_misc_feat_hallway
D:13:     layout_basic
D:14:     layout_loops_cross, grunt_vaults_entry_tiered, minmay_misc_feat_tiny
D:15:     hangedman_depths_entry_civil_slaughter, layout_irregular_city,
          nrook_mini_vaults, uniq_agnes
Temple:   eino_temple_scatter_basement
Lair:1:   layout_roguey
Lair:2:   layout_small_grid, grunt_forest_large_clearings, serial_bayou_shore_a
Lair:3:   layout_layer_cave, minmay_swamp_entry_worms,
          minmay_snake_entry_six_corridors
Lair:4:   layout_small_grid, minivault_24, eino_small_chamber_without_monster,
          grunt_forest_stairs_basic
Lair:5:   layout_concentric_octagons, slime_altar_2,
          chequers_serial_rivers_large_a
Lair:6:   grunt_lair_end_beastmaster, layout_loops_ring,
          nicolae_volcano_entry_batcave
Swamp:1:  cheibrodos_swamp_monstrosity, layout_basic_swamp,
          evilmike_swamp_ruin_house_3
Swamp:2:  layout_basic_swamp, evilmike_swamp_ruin_wall, swamp_pool1,
          beargit_elvish_explorers, uniq_donald
Swamp:3:  layout_basic_swamp, portal_ice_cave_entry_pillars_2,
          nicolae_swamp_tree_designs
Swamp:4:  swamp_alternative, layout_basic_swamp, uniq_nikola
Snake:1:  layout_onion_interference
Snake:2:  layout_onion_interference, ebering_ghost_rock_garden,
          nicolae_snake_salamander_stairs, uniq_vashnia
Snake:3:  layout_grid_shapes, minmay_shoptagon
Snake:4:  snake_pit_salamanders_mu, layout_onion_interference,
          grunt_megastairs_3
Slime:1:  layout_caves
Slime:2:  layout_caves
Slime:3:  layout_caves, amcnicky_altar_lugonu_corruption
Slime:4:  layout_caves, nicolae_slime_barrier
Slime:5
Orc:1:    layout_caves, uniq_snorg
Orc:2:    grunt_orc_gardens, layout_caves, grunt_orc_garden, grunt_orc_garden,
          grunt_orc_garden, grunt_orc_garden
Elf:1:    nicolae_elf_arrival_no_cutting_in_line, layout_gridlike,
          serial_corexii_hall, corexii_hall_statues_t, corexii_hall_statues_i,
          hangedman_corner_corridor
Elf:2:    nicolae_elf_blades_splatter_lattice
          [nicolae_blade_entry_area_security], layout_gridlike,
          gammafunk_ghost_tricky_traps, grunt_ministairs_10, hex_medium
Elf:3:    minmay_elf_hall_not_hex, layout_gridlike, statue_in_the_mist_lemuel,
          nicolae_elf_v_pinch, moated_statue, st_stairs_1, grunt_megastairs_5,
          uniq_bai_suzhen
Vaults:1: vaults_room_door_ring, hangedman_vaults_maws, kb_rosetta,
          nicolae_vaults_rhombus_5, v_misc_27, hangedman_vaults_capsules,
          vaults_room_hallway, vaults_dpeg_encased_lava, layout_vaults_quadrants
Vaults:2: lightli_enter_wizlab_magi_temple, nicolae_vaults_network_quinsquares
          [nicolae_vaults_network_quincunx_subvault,
          nicolae_vaults_network_quincunx_subvault,
          nicolae_vaults_network_quincunx_subvault,
          nicolae_vaults_network_quincunx_subvault], vaults_mumra_bighexcomb,
          vaults_room_fancy_cross, hangedman_vaults_stagger,
          nicolae_vaults_little_ls, v_misc_9, nicolae_vaults_yaktaur_gun_rack,
          nicolae_vaults_little_squares_1, v_misc_1, layout_vaults_maze_snakey
Vaults:3: v_rooms_1, grunt_vaults_twisty, v_misc_14, v_misc_4,
          nicolae_vaults_little_squares_1, v_misc_28, hangedman_vaults_slice,
          v_misc_26, minmay_crypt_entry_simple_sparse, vaults_dpeg_ring,
          ontoclasm_vaults_twist, layout_vaults_chaotic_city
Vaults:4: portal_desolation_entry_salt, nicolae_vaults_network_periphery,
          hangedman_vaults_cutoff, hangedman_vaults_locks,
          hangedman_vaults_slice, nicolae_vaults_network_star, v_misc_14,
          vaults_room_door_ring, vaults_standard_mumra_enter_the_diamond,
          nicolae_vaults_ring_of_whatevers, layout_vaults_omnicross,
          uniq_margery, uniq_jory
Vaults:5: uniq_sojobo
Crypt:1:  hangedman_staggered_hall, layout_regular_city, uniq_khufu
Crypt:2:  layout_rooms, nicolae_elevator_lobby_plus
Crypt:3:  david_glass_crypt, layout_gridlike, tomb_entry_forgotten_bobbens
Depths:1: layout_cave_pools, enter_ziggurat_c, minmay_room_of_horrors,
          grunt_decor_fettered, hell_entry, enter_trove_6,
          lemuel_flamethrower_2, uniq_saint_roka
Depths:2: nicolae_cairo_tiling, layout_cave_pools, abyss_entry,
          grunt_pan_entry_zigzag, nemelex_xobeh_ov_fountains_minmay,
          hangedman_geh_valley, hex_tiny, minmay_staircase_windowed_large,
          uniq_aizul
Depths:3: minmay_strange_plus, layout_basic, hangedman_ru_absence,
          hangedman_coc_ice_floe, abyss_entry, kennysheep_nub, uniq_mara
Depths:4: grunt_x_marks_the_spot, layout_cave_shapes,
          abyss_entry_small_statue_room, pf_hell_entry_tar_river,
          nicolae_kikubaaqudgha_miasma_corner, uniq_xtahua, uniq_boris
Zig:13

Skill      XL: |  1  2  3  4  5  6  7  8  9 10 11 12 13 14 15 16 17 18 19 20 21 22 23 24 25 26 27 |
---------------+----------------------------------------------------------------------------------+-----
Armour         | 4 5 6 7 8 9 10 12 14 15 16 17 18 19 20 21 22 23 26 27 | 27.0
Shields        | 4 5 6 8 9 11 12 14 15 17 19 22 23 24 25 27 | 27.0
Fighting       | 4 5 6 7 8 10 11 13 14 16 17 18 19 20 21 23 25 27 | 27.0
Long Blades    | 3 4 5 6 8 10 12 14 15 16 17 18 19 20 21 22 23 25 26 27 | 27.0
Dodging        | 1 2 3 4 5 6 7 8 10 15 | 15.5
Stealth        | 1 2 3 4 5 6 7 8 |  8.5
Invocations    | 1 2 3 4 5 6 9 10 | 10.2
Evocations     | 1 2 |  2.2
Short Blades   | 1 |  1.5
Axes           | 1 |  1.2
Maces & Flails | 1 |  1.2
Polearms       | 1 |  1.6
Staves         | 1 |  1.3
Bows           | 1 |  1.0
Throwing       | 1 |  1.5
Slings         | |  0.9
Crossbows      | |  0.9
Unarmed Combat | |  0.9
Spellcasting   | |  0.4
Conjurations   | |  0.7
Hexes          | |  0.5
Summonings     | |  0.5
Necromancy     | |  0.5
Translocations | |  0.4
Transmutations | |  0.7
Fire Magic     | |  0.5
Ice Magic      | |  0.5
Air Magic      | |  0.5
Earth Magic    | |  0.7
Poison Magic   | |  0.6

Action                   |  1- 3 |  4- 6 |  7- 9 | 10-12 | 13-15 | 16-18 | 19-21 | 22-24 | 25-27 || total
-------------------------+-------+-------+-------+-------+-------+-------+-------+-------+-------++-------
Melee: Long sword        |    87 |   124 |   257 |   336 |       |       |       |   168 |       ||   972
       Headbutt          |    16 |    23 |    51 |   171 |   370 |   278 |   316 |   566 |   411 ||  2202
       Short sword       |       |       |     8 |       |       |       |       |       |       ||     8
       Falchion          |       |       |       |   435 |   999 |       |       |       |       ||  1434
       Scimitar          |       |       |       |    10 |    13 |       |   146 |       |       ||   169
       Demon blade       |       |       |       |       |   358 |  1140 |   895 |   506 |   177 ||  3076
       Double sword      |       |       |       |       |       |       |    64 |  1202 |   592 ||  1858
       Katana            |       |       |       |       |       |       |       |       |   638 ||   638
Invok: Heroism           |       |       |     9 |    24 |    24 |     6 |    16 |    17 |    19 ||   115
Evoke: Wand              |       |       |     4 |     1 |     2 |       |       |     2 |     1 ||    10
  Use: Scroll            |       |       |    10 |     8 |    16 |     8 |    16 |     2 |    16 ||    76
       Potion            |       |       |     1 |     3 |     1 |     3 |     2 |       |    14 ||    24
 Stab: Paralysed         |       |       |     2 |       |       |       |       |       |       ||     2
       Distracted        |       |       |       |       |     3 |    20 |    20 |     5 |     4 ||    52
       Petrified         |       |       |       |       |     3 |       |       |       |       ||     3
       Petrifying        |       |       |       |       |       |       |       |     1 |       ||     1
Armor: Scale mail        |    41 |       |       |       |       |       |       |       |       ||    41
       Ring mail         |     3 |    50 |    68 |       |       |       |       |       |       ||   121
       Plate armour      |       |       |   113 |   410 |   663 |   517 |   692 |   931 |   714 ||  4040
Dodge: Dodged            |    46 |    64 |   129 |   367 |   458 |   292 |   423 |   664 |   513 ||  2956
Block: Buckler           |    24 |    29 |    75 |   275 |   306 |       |       |       |       ||   709
       Kite shield       |       |       |       |       |   273 |   793 |  1061 |  1874 |  1127 ||  5128
